 Dungeon Crawl Stone Soup version 0.29.1-13-g9f3cf754e1 (webtiles) character file.

Game seed: 14821555397213110186

1023 Thatpatchoflichen the Trooper (level 8, -3/83 HPs)
             Began as an Ogre Monk on Feb 10, 2023.
             Was a Believer of Wu Jian.
             Slain by a large slime creature (5 damage)
             ... on level 5 of the Dungeon on Feb 11, 2023.
             The game lasted 00:11:42 (5944 turns).

Thatpatchoflichen the Trooper (Ogre Monk)           Turns: 5944, Time: 00:11:42

Health: -3/83      AC: 13    Str: 24    XL:     8   Next: 22%
Magic:  8/8        EV: 11    Int: 11    God:    Wu Jian [**....]
Gold:   263        SH:  5    Dex: 11    Spells: 7/7 levels left

rFire   + . .      SeeInvis .   k - +11 whip of Instant Death {protect, rF+ Stlth+}
rCold   . . .      Faith    .   (no shield)
rNeg    . . .      Spirit   .   b - +0 robe
rPois   .          Reflect  +   (helmet restricted)
rElec   .          Harm     .   t - +2 cloak
rCorr   .          Rampage  .   (gloves unavailable)
Will    .....                   (boots unavailable)
Stlth   +++.......              q - amulet of reflection
HPRegen 0.23/turn               e - ring of flight
MPRegen 0.11/turn               o - +6 ring of strength

@: under a protective aura, flying
A: large, unfitting armour, tough skin 1
a: Renounce Religion, Wall Jump


You were on level 5 of the Dungeon.
You worshipped Wu Jian.
Wu Jian was pleased with you.
You visited 2 branches of the dungeon, and saw 6 of its levels.

You collected 263 gold pieces.

Inventory:

Hand Weapons
 f - a +0 flail
 k - the +11 whip of Instant Death (weapon) {protect, rF+ Stlth+}
   (You found it on level 2 of the Dungeon)

   It grants its wielder temporary protection when it strikes (+7 to AC).
   rF:        It protects you from fire.
   Stlth:     It makes you more stealthy.
 C - a +0 giant club
Missiles
 l - 16 poisoned darts (quivered)
 u - a throwing net
 v - 6 javelins
 I - 2 boomerangs
 J - a curare-tipped dart
Armour
 b - a +0 robe (worn)
 j - a scarf of harm
 t - a +2 cloak (worn)
Jewellery
 e - a ring of flight (left hand)
 o - a +6 ring of strength (right hand)
 q - an amulet of reflection (around neck)
 A - a ring of magical power
Scrolls
 a - a scroll of enchant armour {unknown}
 n - 2 scrolls of vulnerability {unknown}
 p - 3 scrolls of identify {unknown}
 y - a scroll of summoning {unknown}
 z - a scroll of immolation {unknown}
 B - a scroll of silence {unknown}
 E - a scroll of fear {unknown}
 G - a scroll of blinking {unknown}
 H - 3 scrolls of teleportation {unknown}
Potions
 c - a potion of ambrosia
 d - 2 potions of curing {unknown}
 g - 2 potions of resistance {unknown}
 h - 4 potions of lignification {unknown}
 i - 2 potions of haste
 m - a potion of cancellation {unknown}
 r - 4 potions of invisibility {unknown}
 s - a potion of might {unknown}
 w - 3 potions of degeneration {unknown}
 x - a potion of berserk rage {unknown}
 D - a potion of mutation {unknown}
 F - a potion of heal wounds {unknown}


   Skills:
 + Level 6.3 Fighting
 + Level 6.1 Maces & Flails
 + Level 6.1 Dodging
 - Level 1.4 Stealth


You had 7 spell levels left.
You didn't know any spells.
Your spell library contained the following spells:

 Spells                   Type           Power      Damage    Failure   Level
 Blink                    Tloc           0%         N/A       47%         2
 Ensorcelled Hibernation  Hex/Ice        0%         N/A       47%         2
 Passwall                 Tmut/Erth      0%         N/A       47%         2
 Ozocubu's Armour         Ice            0%         N/A       71%         3
 Swiftness                Air            0%         N/A       71%         3
 Manifold Assault         Tloc           0%         N/A       100%        5
 Metabolic Englaciation   Hex/Ice        0%         N/A       100%        5
 Simulacrum               Ice/Necr       0%         N/A       100%        6
 Storm Form               Tmut/Air       0%         N/A       100%        7


Dungeon Overview and Level Annotations

Branches:
Dungeon (5/15)             Temple (1/1) D:4

Altars:
Ashenzari
Cheibriados
Dithmenos
Fedhas
Gozag
Hepliaklqana
Kikubaaqudgha
Makhleb
Nemelex Xobeh
Okawaru
Qazlal
Ru
Trog
Uskayaw
Wu Jian
Xom
The Shining One

Shops:
D:1 *


Innate Abilities, Weirdness & Mutations

You are too large for most types of armour.
You have tough skin. (AC +1)


Message History

You block the slime creature's attack.
You whack the slime creature!
The slime creature is moderately wounded.
You block the slime creature's attack.
You whack the slime creature!
The slime creature is heavily wounded.
Two slime creatures merge to form a large slime creature.
You whack the large slime creature!
The large slime creature is moderately wounded.
You hit the large slime creature.
The large slime creature is moderately wounded.
You hit the large slime creature.
The large slime creature is heavily wounded.
The large slime creature hits you!!
You hit the large slime creature but do no damage.
The large slime creature is heavily wounded.
The large slime creature hits you.
You hit the large slime creature.
The large slime creature is heavily wounded.
You hit the large slime creature.
The large slime creature is heavily wounded.
You block the large slime creature's attack.
You hit the large slime creature.
The large slime creature is heavily wounded.
You block the large slime creature's attack.
You whack the large slime creature!
The large slime creature is heavily wounded.
The large slime creature hits you but does no damage.
You whack the large slime creature!
The large slime creature is severely wounded.
The large slime creature hits you!
You hit the large slime creature.
The large slime creature is severely wounded.
You whack the large slime creature!
The large slime creature is severely wounded.
The large slime creature hits you!!!
* * * LOW HITPOINT WARNING * * *
The large slime creature attacks as you move away!
The large slime creature hits you.
You die...

####+##+##
##########
#.......##.
#
!..÷..÷..#
#.......##.
# ..#
÷.÷.J.÷..#
##########.
#####...#
...J.PJ÷.#
#.
........#
J..PJ÷.P.#
#.
#.####..#
....÷....#
....##..#
.÷.....J.#
.....#..#
#######'#
..†..#..#
##....@J##
._......#
#.########
.....#..#
##..'....#
.....#..#
####....#
....##..#
#.......#
#.####..#
#.......#
........##
#.......#
#######
.........#
#.......#
#.)...#
######...#
##.....##
#.....#


You could see a large slime creature.

Vanquished Creatures
  An ogre (D:4)
  4 kobold brigands
  A necrophage (D:4)
  A howler monkey (D:4)
  2 hounds
  4 jellies (D:5)
  Crazy Yiuf (D:2)
  Jessica (D:2)
  Natasha (thrice) (D:2)
  An iguana (D:5)
  An orc wizard (D:4)
  Robin (D:2)
  7 adders
  A white imp (D:5)
  4 dart slugs
  19 orcs
  7 endoplasms
  3 giant cockroaches
  12 hobgoblins
  2 jackals (D:1)
  6 quokkas
  8 ball pythons
  4 bats
  5 frilled lizards
  11 goblins
  3 kobolds
  4 rats
117 creatures vanquished.

Vanquished Creatures (others)
  4 fungi (D:4)
  12 toadstools (D:5)
16 creatures vanquished.

Grand Total: 133 creatures vanquished

Notes
Turn   | Place    | Note
-------+----------+-------------------------------------------
     0 | D:1      | Thatpatchoflichen the Ogre Monk began the quest for the
                  | Orb.
     0 | D:1      | Reached XP level 1. HP: 24/24 MP: 1/1
     3 | D:1      | Found Moklogh's Assorted Antiques.
    69 | D:1      | Reached XP level 2. HP: 3/32 MP: 2/2
   906 | D:1      | Reached XP level 3. HP: 38/39 MP: 3/3
   950 | D:1      | Found a faded altar of an unknown god.
  1251 | D:2      | Identified the +11 whip of Instant Death {protect, rF+
                  | Stlth+}
  1310 | D:2      | Noticed Jessica
  1453 | D:2      | Noticed Robin
  2061 | D:2      | Killed Robin
  2103 | D:2      | Killed Jessica
  2104 | D:2      | Reached XP level 4. HP: 40/48 MP: 4/4
  2180 | D:2      | Identified the +1 plate armour of Masochism {rN++ Str-2
                  | Stlth+}
  2247 | D:2      | Noticed Natasha
  2261 | D:2      | Killed Natasha
  2262 | D:2      | Reached skill level 5 in Maces & Flails
  2291 | D:2      | Noticed Natasha
  2297 | D:2      | Killed Natasha
  2298 | D:2      | Reached XP level 5. HP: 47/54 MP: 5/5
  2497 | D:2      | Noticed Natasha
  2504 | D:2      | Killed Natasha
  2582 | D:2      | Found a runed translucent door.
  2583 | D:2      | Noticed Crazy Yiuf
  2831 | D:2      | Killed Crazy Yiuf
  3212 | D:3      | Reached XP level 6. HP: 62/62 MP: 6/6
  3880 | D:4      | Found a sacrificial altar of Ru.
  4263 | D:4      | Reached skill level 5 in Fighting
  4578 | D:4      | Reached XP level 7. HP: 72/72 MP: 7/7
  4644 | D:4      | Found a staircase to the Ecumenical Temple.
  4897 | Temple   | Entered the Ecumenical Temple
  4928 | Temple   | Became a worshipper of the Wu Jian Council
  4928 | Temple   | Reached * piety under Wu Jian
  4928 | Temple   | Reached ** piety under Wu Jian
  5068 | D:5      | Entered Level 5 of the Dungeon
  5173 | D:5      | Found a burning altar of Makhleb.
  5218 | D:5      | Found a hazy altar of Hepliaklqana.
  5599 | D:4      | Reached skill level 5 in Dodging
  5845 | D:5      | Reached XP level 8. HP: 75/83 MP: 8/8
  5920 | D:5      | Noticed a slime creature
  5920 | D:5      | Noticed a slime creature
  5942 | D:5      | HP: 1/83 [large slime creature (38)]
  5944 | D:5      | Slain by a large slime creature

Illustrated notes

Levels and vault maps discovered:
D:1:      amcnicky_arrival_single_pillar, layout_loops_ring,
          shapermc_ecumenical_altar_mp_ritualfount, serial_shops, shop
D:2:      layout_rooms, uniq_crazy_yiuf_cottage, uniq_jessica, uniq_robin,
          uniq_natasha
D:3:      layout_basic
D:4:      layout_cave_pools, mainiacjoe_overflow_boulevard,
          minmay_temple_entry_hall, minmay_vboxes
D:5:      cheibrodos_fertilizer, layout_basic, old_standard_altar,
          mainiacjoe_overflow_surrounded_room, serial_shops, shop
Temple:   nicolae_temple_superstar

Skill      XL: |  1  2  3  4  5  6  7  8 |
---------------+-------------------------+-----
Maces & Flails | 3 4 5 6 |  6.1
Dodging        | 3 5 6 |  6.1
Fighting       | 5 6 |  6.3
Stealth        | |  1.4

Action                   |  1- 3 |  4- 6 |  7- 9 || total
-------------------------+-------+-------+-------++-------
Melee: Mace              |    27 |       |       ||    27
       Flail             |    41 |       |       ||    41
       Punch             |     2 |     1 |       ||     3
       Whip              |    40 |   121 |    74 ||   235
Invok: Whirlwind         |       |       |     3 ||     3
       Lunge             |       |       |     3 ||     3
 Stab: Sleeping          |       |     4 |     3 ||     7
       Distracted        |       |       |     1 ||     1
Armor: Robe              |    45 |    60 |    25 ||   130
Dodge: Dodged            |    70 |    60 |    25 ||   155
Block: Other             |       |    32 |    20 ||    52
       Reflection        |       |     1 |       ||     1
